 Dungeon Crawl Stone Soup version 0.31-a0-182-gc5ef74bbde (webtiles) character file.

Game seed: 5325206128562293859

532 qw the Chopper (level 7, -4/47 HPs)
             Began as a Gargoyle Fighter on June 20, 2023.
             Slain by an ogre
             ... wielding a +0 giant spiked club
              (15 damage)
             ... on level 4 of the Dungeon.
             The game lasted 00:01:52 (3196 turns).

qw the Chopper (Gargoyle Fighter)                   Turns: 3196, Time: 00:01:52

Health: -4/47      AC: 18    Str: 22    XL:     7   Next: 24%
Magic:  7/7        EV:  8    Int:  8    God:
Gold:   166        SH:  5    Dex: 15    Spells: 6/6 levels left

rFire   . . .        Y - +0 war axe
rCold   . . .        c - +0 buckler
rNeg    + . .        f - +0 chain mail
rPois   inf          a - +2 helmet
rElec   +            (no cloak)
rCorr   +            h - +0 pair of gloves
SInv    .            (no boots)
Will    .....        (no amulet) Stlth
                     k - ring of resist corrosion
HPRegen 0.27/turn    m - +6 ring of dexterity
MPRegen 0.10/turn

%: no passive effects
@: about to teleport
A: sickness immunity, AC +4, negative energy resistance 1, electricity
resistance, torment resistance 1, petrification resistance, robust 1
a: no special abilities


You were on level 4 of the Dungeon.
You visited 1 branch of the dungeon, and saw 4 of its levels.

You collected 166 gold pieces.


Innate Abilities, Weirdness & Mutations

You are immune to sickness and miasma.
Your stone body is resilient. (AC +4)
You are immune to poison.
You resist negative energy. (rN+)
You are resistant to electric shocks. (rElec)
You are resistant to unholy torment.
You are immune to petrification.
You are robust. (+10% HP)


   Skills:
 - Level 4.0 Fighting
 + Level 6.5 Axes
 - Level 3.2 Armour
 - Level 1.4 Dodging
 - Level 3.2 Shields


You had 6 spell levels left.
You didn't know any spells.
Your spell library was empty.

Inventory:

Hand Weapons
 i - a +1 flail of protection
 Y - a +0 war axe (weapon)
Armour
 a - a +2 helmet (worn)
 c - a +0 buckler (worn)
 f - a +0 chain mail (worn)
 h - a +0 pair of gloves (worn)
Jewellery
 k - a ring of resist corrosion (left hand)
 m - a +6 ring of dexterity (right hand)
Scrolls
 b - 2 scrolls of poison {unknown}
 g - a scroll of identify {unknown}
 o - a scroll of acquirement {unknown}
 p - a scroll of enchant weapon {unknown}
 q - a scroll of fear {unknown}
Potions
 d - 2 potions of might
 j - 3 potions of mutation
 l - a potion of brilliance {unknown}
 n - a potion of haste {unknown}

Dungeon Overview and Level Annotations

Branches:
Dungeon (4/15)
 Temple: D:4-7

Altars:
Sif Muna
The Shining One


Message History

The giant cockroach barely misses you.
You slash the giant cockroach!
You kill the giant cockroach!
A kobold comes into view. It is wielding a +2 dagger of venom.
You closely miss the scorpion. You closely miss the goblin.
The kobold shouts!
The scorpion stings you but does no damage.
The goblin hits you but does no damage. You block the scorpion's attack.
You barely miss the scorpion. You hit the goblin but do no damage.
The goblin barely misses you. You block the scorpion's attack.
You barely miss the scorpion. You hit the goblin.
You kill the goblin!
The scorpion barely misses you. x2
You slash the scorpion!
The scorpion is heavily wounded.
You closely miss the ogre. You block the ogre's attack.
The scorpion stings you but does no damage.
You hit the scorpion but do no damage.
The scorpion is heavily wounded.
You hit the ogre but do no damage.
The scorpion stings you but does no damage.
The ogre hits you with a +0 giant spiked club.
You closely miss the scorpion.
The scorpion is heavily wounded.
You barely miss the ogre. The scorpion stings you.
The ogre hits you with a +0 giant spiked club!
You barely miss the phantom. You barely miss the ogre.
The ogre hits you with a +0 giant spiked club!!
3195 ||| READING scroll of teleportation.
As you read the scroll of teleportation, it crumbles to dust.
You feel strangely unstable. The scorpion barely misses you.
You block the phantom's attack.
The scorpion stings you but does no damage.
You hit the scorpion.
The scorpion is severely wounded.
You closely miss the phantom. You hit the ogre but do no damage.
The ogre hits you with a +0 giant spiked club!
You die...

##..# #...# #...#
##..# ###########
..### #....#....##
..# #....#.....# .
..#
#....'....#####.^.
..#
#....#....#s......
..#
#....#....@WK.....
..#
#....##...#O......
###
#.....#####.......
#.....# ...#...
#.....# .......
#######.....#
..###..
........#+#.....
#.# #
..........#......
.#
......#...#....#.


You could see an ogre, a phantom, a scorpion and a kobold.

Vanquished Creatures
  Sigmund (D:4)
  A scorpion (D:4)
  3 hounds
  Robin (D:2)
  3 adders
  4 gnolls (D:2)
  An ufetubus (D:4)
  2 worms
  2 dart slugs
  7 orcs (D:3)
  3 ball pythons
  8 endoplasms
  4 giant cockroaches
  8 hobgoblins
  8 jackals (D:1)
  3 quokkas
  16 bats
  2 frilled lizards
  22 goblins
  3 kobolds
  8 rats
110 creatures vanquished.

Notes
Turn   | Place    | Note
-------+----------+-------------------------------------------
     0 | D:1      | qw the Gargoyle Fighter began the quest for the Orb.
     0 | D:1      | Reached XP level 1. HP: 14/14 MP: 1/1
     0 | D:1      | 0 ||| qw: Version: 0.3-a-9-g12657ce
     0 | D:1      | 0 ||| qw: Game counter: 1363
     0 | D:1      | 0 ||| qw: Always use a shield: true
     0 | D:1      | 0 ||| qw: God list: Okawaru
     0 | D:1      | 0 ||| qw: Allow faded altars: false
     0 | D:1      | 0 ||| qw: Do Orc after D:15 true
     0 | D:1      | 0 ||| qw: Do second Lair branch before Depths: true
     0 | D:1      | 0 ||| qw: Lair rune preference: random
     0 | D:1      | 0 ||| qw: Plans: Normal, Zot:1-4, Slime:5, God:TSO, Crypt,
                  | Tomb, Abyss, Pan, Hells, Win
     0 | D:1      | 0 ||| PLANNING D:1-11
    30 | D:1      | Reached skill level 2 in Axes
    50 | D:1      | 50 ||| Stepping ~*~*~tactically~*~*~ (stealth).
   112 | D:1      | Reached XP level 2. HP: 19/19 MP: 2/2
   396 | D:1      | 396 ||| Stepping ~*~*~tactically~*~*~ (hiding).
   400 | D:1      | 400 ||| Stepping ~*~*~tactically~*~*~ (stealth).
   407 | D:1      | Reached skill level 3 in Axes
   409 | D:1      | Reached XP level 3. HP: 23/23 MP: 3/3
   754 | D:1      | 754 ||| UPGRADING to +0 pair of gloves.
   759 | D:1      | 759 ||| READING scroll labelled HEWKU FAPRIV.
   760 | D:1      | 760 ||| READING scroll labelled MENIEMYASH.
   761 | D:1      | 761 ||| READING scroll labelled VEKUCU TEDGHODO.
   792 | D:2      | Found a glowing golden altar of the Shining One.
   975 | D:2      | Noticed Robin
   978 | D:2      | Reached XP level 4. HP: 28/28 MP: 4/4
   984 | D:2      | Killed Robin
   985 | D:2      | Reached skill level 4 in Axes
  1139 | D:2      | HP: 4/28 [gnoll/+0 flail (5)]
  1146 | D:2      | Reached XP level 5. HP: 7/32 MP: 5/5
  1147 | D:2      | HP: 5/32 [gnoll/+0 spear (2)]
  1254 | D:2      | 1254 ||| DROPPING +0 club.
  1257 | D:2      | 1257 ||| DROPPING +0 whip.
  1260 | D:2      | 1260 ||| DROPPING +0 flail.
  1837 | D:2      | 1837 ||| UPGRADING to +0 helmet.
  1842 | D:2      | 1842 ||| UPGRADING to ring of resist corrosion.
  1843 | D:2      | 1843 ||| UPGRADING to +6 ring of dexterity.
  1844 | D:2      | 1844 ||| READING scroll labelled UMISOGR VAJYMI.
  1845 | D:2      | 1845 ||| READING scroll labelled ITAISYF GOKHLUMM.
  1846 | D:2      | 1846 ||| DRINKING 2 fuming red potions.
  1846 | D:2      | Gained mutation: You are robust. (+10% HP) [potion of
                  | mutation]
  2019 | D:3      | 2019 ||| Stepping ~*~*~tactically~*~*~ (stealth).
  2020 | D:3      | 2020 ||| Stepping ~*~*~tactically~*~*~ (stealth).
  2023 | D:3      | 2023 ||| Stepping ~*~*~tactically~*~*~ (stealth).
  2058 | D:3      | Reached skill level 1 in Dodging
  2062 | D:3      | 2062 ||| Stepping ~*~*~tactically~*~*~ (stealth).
  2063 | D:3      | 2063 ||| Stepping ~*~*~tactically~*~*~ (stealth).
  2256 | D:3      | Reached skill level 5 in Axes
  2364 | D:3      | 2364 ||| Stepping ~*~*~tactically~*~*~ (stealth).
  2395 | D:3      | Reached XP level 6. HP: 39/40 MP: 6/6
  2438 | D:3      | Found a shimmering blue altar of Sif Muna.
  2566 | D:3      | 2566 ||| UPGRADING to +2 helmet.
  2576 | D:3      | 2576 ||| UPGRADING to +0 chain mail.
  2586 | D:3      | 2586 ||| DROPPING +0 scale mail.
  2587 | D:3      | 2587 ||| DROPPING +0 helmet.
  2726 | D:4      | 2726 ||| Stepping ~*~*~tactically~*~*~ (hiding).
  2727 | D:4      | 2727 ||| Stepping ~*~*~tactically~*~*~ (hiding).
  2728 | D:4      | 2728 ||| Stepping ~*~*~tactically~*~*~ (hiding).
  2844 | D:4      | 2844 ||| Stepping ~*~*~tactically~*~*~ (stealth).
  2882 | D:4      | Found a glowing golden altar of the Shining One.
  2891 | D:4      | 2891 ||| Stepping ~*~*~tactically~*~*~ (hiding).
  3055 | D:4      | Noticed Sigmund
  3069 | D:4      | Killed Sigmund
  3070 | D:4      | Reached skill level 6 in Axes
  3070 | D:4      | Reached XP level 7. HP: 35/47 MP: 7/7
  3176 | D:4      | 3176 ||| Stepping ~*~*~tactically~*~*~ (stealth).
  3194 | D:4      | HP: 11/47 [ogre/+0 giant spiked club (22)]
  3195 | D:4      | 3195 ||| READING scroll of teleportation.
  3196 | D:4      | Slain by an ogre

Levels and vault maps discovered:
D:1:      lightli_iron_boxes, layout_basic, st_stairs_4
D:2:      layout_basic, basic_altar, uniq_robin
D:3:      layout_loops_ring, lemuel_blue_sif_altar, roderic_batcave,
          minmay_door_square, uniq_crazy_yiuf_cottage
D:4:      layout_gridville, okawaru_altar_gauntlet_db,
          mainiacjoe_overflow_catwalk, minmay_fractal_squares_5, uniq_sigmund

Skill      XL: |  1  2  3  4  5  6 |
---------------+-------------------+-----
Axes           | 2 3 4 5 6 |  6.5
Dodging        | 1 |  1.4
Fighting       | 4 |  4.0
Armour         | |  3.2
Shields        | |  3.2

Action                     |  1- 3 |  4- 6 |  7- 9 || total
---------------------------+-------+-------+-------++-------
  Melee: War axe           |   120 |   168 |    15 ||   303
    Use: Scroll            |     3 |     2 |     1 ||     6
         Potion            |       |     1 |       ||     1
 Armour: Scale mail        |    58 |    83 |       ||   141
         Chain mail        |       |    12 |    10 ||    22
  Dodge: Dodged            |    47 |    71 |     8 ||   126
  Block: Buckler           |    20 |    46 |     4 ||    70

Table legend:
 A = Non-vault XP
 B = Vault XP
 C = Vault XP percentage of total XP
 D = Non-vault monster count
 E = Vault monster count
 F = Vault count percentage of total count
                 A         B        C        D         E       F
            +---------+---------+-------+---------+---------+-------
      Total |     460 |     301 |  39.6 |      84 |      26 |  23.6
            +---------+---------+-------+---------+---------+-------
        D:1 |      59 |       5 |   7.8 |      35 |       2 |   5.4
        D:2 |     103 |      34 |  24.8 |      21 |      13 |  38.2
        D:3 |     106 |      12 |  10.2 |      19 |       8 |  29.6
        D:4 |     192 |     250 |  56.6 |       9 |       3 |  25.0
            +---------+---------+-------+---------+---------+-------
